Map: Torres Crepusculares

Players

wizardgamer

  • Race: Zerg Zerg
  • League: Master

TheZergLord - Winner!

  • Race: Zerg Zerg
  • League: Grandmaster

VOD

Have the link to the VOD?

Description

Time

  • Played on: May 27, 2016, 12:32 p.m.
  • Length: 8:11
Show
View Real Time Build Order
Export as new Build Order

wizardgamer Zerg 

Build Orders: Hatch First 

Get SALT Encoding   

  12  0:01  Drone  
  13  0:13  Overlord  
  13  0:18  Drone  
  14  0:33  Drone x2  
  16  0:43  Drone  
  17  0:53  Hatchery  
  17  0:57  Drone  
  17  0:59  Extractor  
  17  1:01  Drone  
  17  1:15  Spawning Pool  
  17  1:18  Drone  
  17  1:26  Drone  
  18  1:33  Drone  
  19  1:40  Drone  
  20  1:53  Overlord  
  20  2:02  Queen  
  20  2:05  Queen  
  20  2:07  Metabolic Boost  
  24  2:14  Roach Warren  
  23  2:16  Drone  
  24  2:27  Drone x3  
  24  2:29  Drone  
  28  2:32  Drone  
  28  2:36  Drone  
  30  2:49  Overlord  
  30  2:59  Roach x3  
  36  3:06  Overlord  
  36  3:13  Overlord  
  36  3:14  Overlord  
  36  3:15  Roach  
  36  3:16  Roach  
  40  3:25  Drone x2  
  40  3:26  Drone x2  
  44  3:32  Overlord  
  44  3:34  Drone  
  44  3:37  Ravager  
  44  3:40  Drone  
  47  3:44  Ravager  
  48  3:49  Drone x2  
  50  3:56  Hatchery  
  50  4:01  Overlord  
  50  4:02  Drone  
  50  4:03  Drone x2  
  50  4:06  Extractor  
  51  4:11  Ravager  
  51  4:16  Drone x4  
  56  4:19  Overlord x2  
  56  4:28  Spore Crawler  
  55  4:31  Spore Crawler  
  54  4:44  Queen  
  56  4:47  Lair  
  56  4:59  Ravager  
  57  5:01  Drone x2  
  57  5:02  Drone x2  
  57  5:03  Drone x2  
  57  5:04  Drone x2, Extractor  
  64  5:07  Drone x4, Extractor  
  67  5:19  Queen  
  69  5:26  Queen  
  69  5:27  Spore Crawler  
  70  5:32  Spore Crawler  
  70  5:33  Roach  
  70  5:34  Roach x6  
  83  5:40  Roach x2  
  83  5:41  Roach x2  
  83  5:42  Overlord  
  93  5:45  Overlord  
  93  5:50  Ravager  
  84  6:17  Ravager  
  84  6:18  Ravager  
  84  6:23  Ravager x2  
  77  6:39  Drone x6  
  79  6:40  Drone x5  
  77  6:49  Roach x2  
  77  6:50  Roach x2  
  78  6:56  Roach  
  78  6:57  Roach  
  78  7:00  Roach x4  
  84  7:03  Roach  
  81  7:11  Roach  
  81  7:12  Roach  
  81  7:14  Queen  
  80  7:16  Roach  
  80  7:17  Roach x3  
  82  7:23  Roach  
  82  7:24  Roach x2  
  84  7:32  Roach  
  84  7:33  Roach  
  84  7:36  Roach  
  82  7:42  Roach  
  78  7:46  Roach x6  
  78  7:47  Roach x2  
Show
View Real Time Build Order
Export as new Build Order

TheZergLord Zerg - Winner!

Build Orders: Hatch First 

Get SALT Encoding   

  12  0:01  Drone  
  13  0:12  Overlord  
  13  0:17  Drone  
  14  0:31  Drone x2  
  14  0:34  Drone  
  17  0:55  Hatchery  
  16  0:57  Drone  
  17  1:11  Spawning Pool  
  16  1:12  Drone  
  16  1:16  Drone  
  18  1:18  Extractor  
  18  1:21  Drone  
  18  1:28  Drone  
  19  1:39  Overlord  
  19  1:58  Queen  
  19  1:59  Zergling x2  
  22  2:04  Drone  
  22  2:07  Queen  
  26  2:08  Drone  
  26  2:10  Drone  
  27  2:20  Drone  
  28  2:26  Drone  
  28  2:28  Drone  
  30  2:33  Drone  
  30  2:35  Queen  
  33  2:44  Overlord  
  33  2:48  Drone  
  34  2:56  Drone x2  
  36  3:02  Queen  
  37  3:08  Roach Warren  
  36  3:14  Lair  
  36  3:26  Spine Crawler  
  35  3:27  Drone, Evolution Chamber  
  35  3:28  Drone x6  
  41  3:39  Overlord  
  41  3:40  Drone  
  42  3:44  Drone x2, Extractor  
  42  3:45  Extractor  
  43  3:48  Drone  
  43  3:58  Zerg Missile Weapons Level 1  
  43  3:59  Overlord  
  43  4:00  Drone x2  
  43  4:02  Roach  
  48  4:10  Drone x3  
  48  4:13  Glial Reconstitution  
  51  4:24  Roach x2  
  51  4:25  Roach x2  
  51  4:27  Overlord x2  
  51  4:30  Overseer  
  59  4:36  Overlord x2  
  59  4:50  Roach x3  
  59  4:51  Roach  
  67  4:54  Overlord  
  67  4:56  Roach x3  
  73  5:03  Roach  
  73  5:06  Roach  
  77  5:13  Roach  
  79  5:17  Roach x2  
  83  5:22  Overlord x2  
  83  5:32  Overlord  
  83  5:33  Overlord  
  83  5:34  Drone  
  84  5:41  Roach  
  84  5:42  Roach  
  88  5:49  Hatchery  
  87  5:52  Roach x2  
  87  5:53  Roach x4  
  99  6:03  Roach x2  
  87  6:21  Roach  
  87  6:22  Roach x3  
  87  6:25  Roach  
  93  6:33  Roach  
  89  6:40  Roach  
  83  6:47  Roach x2  
  81  6:55  Roach  
  81  6:59  Roach x6  
  81  7:00  Roach  
  95  7:10  Roach  
  95  7:11  Roach x2  
  99  7:19  Roach x2  
  103  7:23  Roach x2  
  103  7:28  Roach x5  
  103  7:29  Roach  
  119  7:32  Roach  
  117  7:37  Roach  
  117  7:38  Roach  
  117  7:40  Overlord x3  
  119  7:49  Roach x2  
Tags
 
Add a new tag
Caveats
  • Supply blocks, unpowered buildings, or Contaminate may cause inaccurate times.
  • Supply counts are checked every 10 seconds.